 Dungeon Crawl Stone Soup version 0.24.1-4-ge52af88ad5 (webtiles) character file.

Game seed: 18221612914561278453, levelgen mode: deterministic

3635 Delamore the Cleaver (level 10, 0/70 HPs)
             Began as a Formicid Fighter on Jan 29, 2020.
             Was an Elder of Lugonu.
             Slain by a crimson imp (3 damage)
             ... on level 12 of the Dungeon on Apr 12, 2020.
             The game lasted 00:13:49 (6107 turns).

Delamore the Cleaver (Formicid Fighter)             Turns: 6107, Time: 00:13:49

Health: 0/70       AC: 10    Str: 24      XL:     10   Next: 33%
Magic:  10/10      EV:  8    Int:  8      God:    Lugonu [****..]
Gold:   92         SH: 11    Dex:  9 (10) Spells: 9/9 levels left

rFire    + . .     SeeInvis +   a - +0 war axe
rCold    + . .     Gourm    .   H - +2 shield {rF+}
rNeg     . . .     Faith    .   c - +1 ring mail {rPois}
rPois    +         Spirit   .   (helmet unavailable)
rElec    .         Reflect  .   w - +0 cloak
rCorr    +         Harm     .   n - +0 pair of gloves
MR       +....                  u - +0 pair of boots
Stlth    ..........             (no amulet)
HPRegen  0.21/turn              y - ring of resist corrosion
MPRegen  0.12/turn              D - ring of protection from cold

@: no status effects
A: permanent stasis, dig shafts and tunnels, four strong arms, antennae 3
a: Dig, Shaft Self, Depart the Abyss, Bend Space, Banish, Corrupt, Renounce
Religion


You were on level 12 of the Dungeon.
You worshipped Lugonu.
Lugonu was greatly pleased with you.
You were not hungry.

You visited 1 branch of the dungeon, and saw 9 of its levels.

You collected 324 gold pieces.
You spent 232 gold pieces at shops.

Inventory:

Hand Weapons
 a - a +0 war axe (weapon)
Missiles
 z - an atropa-tipped dart (quivered)
Armour
 b - a +0 scale mail
 c - a +1 ring mail of poison resistance (worn)
 n - a +0 pair of gloves (worn)
 u - a +0 pair of boots (worn)
 w - a +0 cloak (worn)
 H - a +2 shield of fire resistance (worn)
Jewellery
 q - an uncursed ring of ice
 y - a ring of resist corrosion (left hand)
 D - a ring of protection from cold (right hand)
 E - an uncursed ring of fire
Wands
 s - a wand of iceblast (2)
 B - a wand of polymorph (9)
 F - a wand of flame (10)
 I - a wand of scattershot (6)
Scrolls
 g - 7 scrolls of remove curse
 j - a scroll of immolation {unknown}
 o - a scroll of enchant armour
 p - 3 scrolls of fear
 r - a scroll of magic mapping
 v - a scroll of summoning {unknown}
 A - 2 scrolls of enchant weapon
 C - a scroll of fog
 G - a scroll of noise {unknown}
Potions
 e - a potion of flight
 h - 5 potions of curing
 i - 2 potions of brilliance
 k - a potion of lignification
 l - 2 potions of mutation
 m - 3 potions of degeneration
 t - 2 potions of resistance
Comestibles
 f - 13 rations


   Skills:
 - Level 3.2 Fighting
 + Level 13.7 Axes
 - Level 3.2 Armour
 - Level 3.6 Shields


You had 9 spell levels left.
You didn't know any spells.
Your spell library contained the following spells:

 Spells                   Type           Power        Failure   Level  Hunger
 Animate Skeleton         Necr           N/A          91%         1    ##.....
 Apportation              Tloc           #.....       91%         1    ##.....
 Confusing Touch          Hex            #.....       91%         1    ##.....
 Flame Tongue             Conj/Fire      #....        91%         1    ##.....
 Summon Small Mammal      Summ           #...         91%         1    ##.....
 Throw Flame              Conj/Fire      #.....       97%         2    ###....
 Conjure Flame            Conj/Fire      #.......     99%         3    ####...
 Inner Flame              Hex/Fire       #.......     99%         3    ####...
 Sticky Flame             Conj/Fire      #.......     100%        4    #####..
 Fireball                 Conj/Fire      #.........   100%        5    ######.


Dungeon Overview and Level Annotations

Branches:
Dungeon (9/15)             Temple (0/1) D:7            Lair (0/6) D:9
    Orc: D:9-12

Altars:
Dithmenos
Xom
Lugonu

Shops:
D:5 [


Innate Abilities, Weirdness & Mutations

You cannot be hasted, slowed, berserked, paralysed or teleported.
You can dig through walls and to a lower floor.
Your four strong arms can wield two-handed weapons with a shield.
You have a pair of large antennae on your head. (SInv)


Message History

The shadow flickers and vanishes!
Deactivating autopickup; reactivate with Ctrl-A.
You slash something!
You feel less wooden.
Your +0 cloak unmelds from your body.
Your +0 pair of gloves unmelds from your body.
Your +0 pair of boots unmelds from your body.
Your +1 ring mail of poison resistance unmelds from your body.
You feel resistant to poison. The shadow hits you.
You slash the shadow!
You destroy the shadow!
Lugonu accepts your kill.
You feel your dexterity returning.
You closely miss the crimson imp. The crimson imp closely misses you.
You miss the crimson imp.
The crimson imp hits you but does no damage.
You barely miss the crimson imp.
The crimson imp picks up a beetle and eats it.
The crimson imp hits you.
You die...

* *#'###**
*,,,,,,,,,, *
*......*
*,,,,,,,,,, *
*......#######
*,,,,,,,,,, *
*............#
*,,,,,,,,,, *
*............#
*,,,,,,,,,, *
*#...........#
*,,,,****** *
****#...........#
*,,,,* *
*,,,......####5##
*,,,,* **** *
*,,,......* #@#
****** *,,, *
*,,,(.....* #.#
*,,, *
*,,,.....,* #.#
*,,, *
*,,,.....,* #.#
*,,, *,,,,,,,,,*
#.# *,,,
*********** #.#
**** #.# #.# #.#


You could see a crimson imp.

Vanquished Creatures
  Pikel (D:6)
  An ugly thing (D:12)
  A centaur skeleton (D:12)
  A wraith (D:12)
  A shadow (D:12)
  Eustachio (D:6)
  A porcupine (D:5)
  A water moccasin (D:12)
  An ice beast (D:6)
  2 phantoms (D:7)
  2 slaves (D:6)
  A sky beast (D:5)
  3 ogres
  A centaur (D:7)
  A crocodile (D:12)
  A wyvern zombie (D:6)
  A scorpion (D:6)
  A vampire bat (D:5)
  2 crimson imps (D:5)
  5 quasits
  2 hounds
  A jelly (D:7)
  An orc priest (D:6)
  2 bullfrog skeletons
  Natasha (D:2)
  3 orc wizards
  4 worker ants
  2 hound zombies (D:6)
  2 worker ant zombies
  5 adders
  3 gnolls (D:7)
  An adder zombie (D:5)
  3 adder skeletons
  2 dart slugs (D:4)
  3 fire bats (D:5)
  2 leopard geckos
  19 orcs
  2 spectral bats (D:5)
  3 bat skeletons (D:5)
  A bat zombie (D:5)
  6 giant cockroaches
  8 goblins
  8 hobgoblins
  5 quokkas
  20 bats
  A bat simulacrum (D:5)
  4 frilled lizards
  A jackal zombie (D:5)
  9 kobolds
  A leopard gecko skeleton (D:5)
  A leopard gecko zombie (D:5)
  2 quokka skeletons
  A quokka zombie (D:5)
  7 rats
165 creatures vanquished.

Notes
Turn   | Place    | Note
-------+----------+-------------------------------------------
     0 | D:1      | Delamore the Formicid Fighter began the quest for the Orb.
     0 | D:1      | Reached XP level 1. HP: 18/18 MP: 1/1
    44 | D:1      | Reached XP level 2. HP: 17/24 MP: 2/2
   109 | D:1      | Reached skill level 3 in Axes
   656 | D:1      | Reached XP level 3. HP: 29/29 MP: 3/3
   980 | D:2      | Noticed Natasha
   989 | D:2      | Killed Natasha
   989 | D:2      | Reached skill level 4 in Axes
   989 | D:2      | Reached XP level 4. HP: 35/35 MP: 4/4
  1066 | D:2      | Upgraded the game from 0.24.0-123-gd5b16e6ec5 to
                  | 0.24.1-4-ge52af88ad5
  1784 | D:3      | Found a shimmering altar of Xom.
  1788 | D:3      | You fall into a shaft and drop 1 floor!
  1796 | D:4      | Noticed an ogre
  1801 | D:4      | Killed an ogre
  1801 | D:4      | Reached skill level 5 in Axes
  1801 | D:4      | Reached XP level 5. HP: 41/41 MP: 5/5
  1879 | D:4      | Reached XP level 6. HP: 33/47 MP: 6/6
  2013 | D:4      | Reached skill level 6 in Axes
  2888 | D:3      | Found a faded altar of an unknown god.
  2904 | D:3      | Became a worshipper of Lugonu the Unformed
  2904 | D:3      | Reached * piety under Lugonu
  2904 | D:3      | Reached ** piety under Lugonu
  3161 | D:5      | Entered Level 5 of the Dungeon
  3338 | D:5      | Noticed a steam dragon
  3381 | D:5      | Noticed a porcupine
  3381 | D:5      | a steam dragon changed into a porcupine
  3383 | D:5      | Killed a porcupine
  3383 | D:5      | Reached skill level 7 in Axes
  3383 | D:5      | Reached XP level 7. HP: 49/52 MP: 7/7
  3553 | D:5      | Found Zeroalaq's Antique Armour Emporium.
  3561 | D:5      | Bought a glowing shield for 232 gold pieces
  3802 | D:5      | Reached skill level 8 in Axes
  4037 | D:5      | Reached XP level 8. HP: 58/58 MP: 8/8
  4045 | D:5      | Reached *** piety under Lugonu
  4115 | D:6      | Found a shadowy altar of Dithmenos.
  4142 | D:6      | Noticed Eustachio
  4163 | D:6      | Killed Eustachio
  4163 | D:6      | Reached skill level 9 in Axes
  4708 | D:5      | Reached skill level 10 in Axes
  4987 | D:6      | Reached XP level 9. HP: 62/64 MP: 9/9
  5008 | D:6      | Noticed Pikel
  5028 | D:6      | Killed Pikel
  5028 | D:6      | Reached skill level 11 in Axes
  5320 | D:6      | Reached **** piety under Lugonu
  5407 | D:7      | Reached skill level 12 in Axes
  5749 | D:7      | Found a staircase to the Ecumenical Temple.
  5749 | D:7      | You fall into a shaft and drop 2 floors!
  5756 | D:9      | Found a staircase to the Lair.
  5756 | D:9      | Noticed a death yak
  5756 | D:9      | Noticed a death yak
  5766 | D:9      | Noticed a death yak
  5778 | D:9      | You fall into a shaft and drop 3 floors!
  5778 | D:12     | Noticed a purple ugly thing
  5829 | D:12     | Reached XP level 10. HP: 29/70 MP: 10/10
  5834 | D:12     | Reached skill level 13 in Axes
  6087 | D:12     | Killed a purple ugly thing
  6100 | D:12     | HP: 3/105 [something (10)]
  6107 | D:12     | Slain by a crimson imp

Levels and vault maps discovered:
D:1:      minmay_arrival_solitary_statue, layout_basic
D:2:      layout_rooms, first_ration, uniq_natasha
D:3:      minmay_recursive_quarters, layout_basic, lemuel_crystal_altar,
          chequers_ecumenical_altar_simple
D:4:      layout_cave_pools
D:5:      layout_loops_ring, serial_shops, nicolae_shop_crystal, goddamned_bats
D:6:      cheibrodos_quashed, layout_rooms,
          nicolae_dithmenos_through_a_glass_darkly, uniq_eustachio, uniq_pikel
D:7:      layout_rooms, kennysheep_little_box, minmay_temple_entry_fiery,
          fedhas_altar_4, uniq_crazy_yiuf_cottage, uniq_menkaure
D:9:      layout_loops_ring, dpeg_lair_monsters, uniq_harold
D:12:     layout_basic, uniq_nergalle

Skill      XL: |  1  2  3  4  5  6  7  8  9 10 |
---------------+-------------------------------+-----
Axes           | 3 4 5 7 8 10 12 13 | 13.7
Fighting       | |  3.2
Armour         | |  3.2
Shields        | |  3.6

Action                   |  1- 3 |  4- 6 |  7- 9 | 10-12 || total
-------------------------+-------+-------+-------+-------++-------
Melee: War axe           |    82 |   203 |   365 |    57 ||   707
Throw: Dart              |       |       |     4 |       ||     4
 Abil: Dig               |       |       |     1 |       ||     1
       Shaft Self        |       |       |     1 |       ||     1
Evoke: Wand              |       |     6 |     4 |       ||    10
  Use: Scroll            |       |       |    13 |     1 ||    14
       Potion            |       |       |     5 |     1 ||     6
  Eat: Chunk             |       |     5 |     8 |     2 ||    15
       Ration            |       |     1 |       |       ||     1
Armor: Scale mail        |    50 |    73 |     3 |       ||   126
       Ring mail         |       |       |   230 |     8 ||   238
       Skin              |       |       |       |    16 ||    16
Dodge: Dodged            |    23 |    81 |   154 |    10 ||   268
Block: Shield            |    45 |    93 |   274 |    17 ||   429
